 Dungeon Crawl Stone Soup version 0.17-a0-1900-g45e8110 (webtiles) character file.

815 ololoev the Chopper (level 7, -2/64 HPs)
             Began as a Deep Dwarf Gladiator on Sept 24, 2015.
             Slain by a decayed bog body (12 damage)
             ... in an ossuary.
             The game lasted 00:06:52 (1087 turns).

ololoev the Chopper (Deep Dwarf Gladiator)          Turns: 1087, Time: 00:06:53

Health: -2/64      AC: 10    Str: 21    XL:     7   Next: 62%
Magic:  4/4        EV:  9    Int:  8    God:
Gold:   84         SH:  0    Dex: 13    Spells: 0 memorised, 6 levels left

rFire  . . .     SeeInvis +     a - +0 war axe
rCold  . . .     Clarity  .     i - +0 chain mail
rNeg   . . .     SustAt   .     (no shield)
rPois  .         Gourm    .     c - +0 helmet
rElec  .         Spirit   .     (no cloak)
rCorr  .         Warding  .     (no gloves)
rMut   .         Stasis   .     (no boots)
MR     +....                    (no amulet)
Stlth  ..........               (no ring)
                                q - ring of see invisible

@: non-regenerating, slowed, very slow, somewhat resistant to hostile
enchantments, extremely unstealthy
A: damage resistance, recharge devices, sense surroundings 1, slow healing 3
a: Device Recharging


Innate Abilities, Weirdness & Mutations

You are resistant to damage.
You can recharge devices by infusing magical energy.
You passively map a small area around you.
You do not heal naturally.

Inventory:

Hand weapons
 a - a +0 war axe (weapon)
Armour
 c - a +0 helmet (worn)
 i - a +0 chain mail (worn)
Jewellery
 q - a ring of see invisible (left hand)
Magical devices
 e - a wand of heal wounds (2)
Scrolls
 h - a scroll of fog {unknown}
 k - 2 scrolls of identify {unknown}
 l - a scroll of amnesia {unknown}
 n - a scroll of enchant weapon {unknown}
 s - a scroll of fear {unknown}
 u - a scroll of blinking {unknown}
Potions
 b - a potion of resistance {unknown}
 j - a potion of poison {unknown}
 m - a potion of flight {unknown}
 o - a potion of magic {unknown}
 r - a potion of might {unknown}
 t - a potion of invisibility {unknown}
Comestibles
 f - 2 bread rations
 g - 2 meat rations
 p - a fruit


   Skills:
 + Level 4.2 Fighting
 * Level 7.5 Axes
 - Level 1.7 Throwing
 + Level 4.3 Armour
 - Level 3.2 Dodging


You had 6 spell levels left.
You didn't know any spells.
You were in an ossuary. You were not hungry. You visited 1 branch of the dungeon, and saw 7 of its levels. You also visited: Ossuary. You collected 84 gold pieces. ###'#'#'#+#+#'#'# #.'.............+ *###.##'##'##'##.### P.≈#...#.#...#.'.# #≈≈≈.#.∩.###...#.### ##P..#..∩# #...#.+ * *≈##M#####'#####.### ≈# .≈≈ ,....Z...'.# ≈ *≈.* *#'#####@### * , #n≈P# * * *, #≈#≈≈# ≈ *, ,#Z≈P## #.≈≈# ≈≈ ..≈P≈# , #≈#### ≈ ≈, #.≈ ≈ ≈ ≈#≈

Notes
Turn   | Place    | Note
--------------------------------------------------------------
     0 | D:1      | ololoev the Deep Dwarf Gladiator began the quest for the Orb.
     0 | D:1      | Reached XP level 1. HP: 19/19 MP: 1/1
   220 | D:2      | Reached XP level 2. HP: 10/26 MP: 2/2
   442 | D:4      | Reached skill level 4 in Axes
   467 | D:5      | Entered Level 5 of the Dungeon
   555 | D:6      | Reached skill level 1 in Armour
   555 | D:6      | Reached XP level 3. HP: 27/32 MP: 2/2
   602 | D:7      | Noticed Duvessa
   602 | D:7      | Noticed Dowan
   638 | D:6      | Reached XP level 4. HP: 32/40 MP: 3/3
   640 | D:6      | Found a bloodstained altar of Trog.
   661 | D:6      | Noticed an ice beast
   699 | D:6      | Killed an ice beast
   699 | D:6      | Reached skill level 5 in Axes
   699 | D:6      | Reached XP level 5. HP: 38/49 MP: 4/4
   719 | D:6      | Noticed a giant frog
   731 | D:6      | Killed a giant frog
   731 | D:6      | Reached XP level 6. HP: 33/56 MP: 5/5
   864 | D:6      | Noticed a wyvern skeleton
   872 | D:6      | Killed a wyvern skeleton
   872 | D:6      | Reached skill level 6 in Axes
   915 | D:6      | Noticed an ice beast
   925 | D:6      | Killed an ice beast
   942 | D:6      | Noticed a troll
   975 | D:6      | Killed a troll
   975 | D:6      | Reached skill level 7 in Axes
   975 | D:6      | Reached XP level 7. HP: 30/63 MP: 5/5
   988 | D:6      | Found a sand-covered staircase.
   995 | Ossuary  | Entered an ossuary
  1087 | Ossuary  | Slain by a decayed bog body

Dungeon Overview and Level Annotations

Branches:
Dungeon (7/15)
 Temple: D:4-7

Altars:
Trog

Annotations:
D:7 Dowan, Duvessa


Message History

You barely miss the hound zombie.
The hound zombie bites you but does no damage. x2
You hit the hound zombie.
The hound zombie bites you but does no damage.
You slash the hound zombie!
The hound zombie bites you but does no damage.
The hound zombie bites you.
You hit the hound zombie. The hound zombie barely misses you.
You hit the hound zombie. The hound zombie barely misses you.
The hound zombie bites you but does no damage.
You slash the hound zombie!
You destroy the hound zombie!
A mummy comes into view.
There is an open door here.
Eat which item? (? for menu, Esc to quit)
That rambutan was delicious!
Eat which item? (? for menu, Esc to quit)
Mmmm...
Yummy mango.
There is an open door here.
A decayed bog body comes into view.
You enter the shallow water.
Moving in this stuff is going to be slow.
The decayed bog body points at you and mumbles some strange words.
You feel yourself slow down. The decayed bog body hits you!!
The decayed bog body touches you but does no damage.
A hound zombie comes into view.
Evoke which item? (* to show all) (? for menu, Esc to quit)
Zapping:
e - a wand of heal wounds (1)
Press: ? - help, Shift-Dir - straight line, f - you You feel much better.
This wand has 0 charges left.
The decayed bog body hits you!
The decayed bog body completely misses you.
A jackal zombie comes into view.
Use which ability?
Charge which item? (? for menu, Esc to quit)
Your wand of heal wounds (0) glows for a moment and now has 2 charges.
The decayed bog body hits you!! The decayed bog body touches you.
The decayed bog body freezes you. The decayed bog body hits you!
You die...

You could see a decayed bog body, a jackal zombie and a hound zombie.

Vanquished Creatures
  A troll (D:6)
  2 ice beasts (D:6)
  A giant frog (D:6)
  A wyvern skeleton (D:6)
  A hound (D:6)
  A giant frog skeleton (D:6)
  A worker ant (D:6)
  2 killer bee zombies (Ossuary)
  9 mummies (Ossuary)
  A hound zombie (Ossuary)
  2 worker ant zombies (Ossuary)
  2 adders (D:6)
  An ooze (D:6)
  An adder zombie (Ossuary)
  2 worms (D:2)
  2 orcs (D:6)
  2 giant cockroaches (D:3)
  A goblin (D:2)
  A hobgoblin (D:3)
  3 jackals (D:4)
  A giant cockroach zombie (Ossuary)
  2 giant gecko zombies (Ossuary)
  A giant newt (D:2)
  A kobold (D:2)
  A rat (D:1)
43 creatures vanquished.

Action                   |  1- 3 |  4- 6 |  7- 9 || total
-------------------------+-------+-------+-------++-------
Melee: War axe           |    57 |   104 |    55 ||   216
Throw: Throwing net      |       |     4 |       ||     4
 Abil: Device Recharging |     1 |     1 |     1 ||     3
Evoke: Wand              |     1 |     9 |     4 ||    14
 Stab: Held in net/web   |       |     4 |       ||     4
  Eat: Fruit             |       |       |     2 ||     2

Vault maps used:
D:1:      onia_arrival_pyramid, kennysheep_another_room
D:2:      cheibriados_altar_wand_db
D:4:      overflow_temple_1_default
D:5:      minmay_temple_entry_overgrown, serial_shops, shop,
          nicolae_shop_statue_plus, first_bread, uniq_blork_the_orc
D:6:      kennysheep_mini_moat, enter_ossuary_4, roderic_serpentine_path,
          uniq_crazy_yiuf_cottage
D:7:      gammafunk_temple_overflow_wave, uniq_joseph, uniq_duvessa
Ossuary:  ossuary_zaba_flooded
